 Dungeon Crawl Stone Soup version 0.29.1-15-g9cfb28693d (webtiles) character file.

Game seed: 15034098596180382644

45 ChiefBigBeans the Stinger (level 3, -5/26 HPs)
             Began as a Merfolk Venom Mage on Feb 23, 2023.
             Killed by divine providence
             ... invoked by an orc priest
              (11 damage)
             ... on level 2 of the Dungeon.
             The game lasted 00:07:23 (2593 turns).

ChiefBigBeans the Stinger (Merfolk Venom Mage)      Turns: 2593, Time: 00:07:24

Health: -5/26      AC:  4    Str: 10    XL:     3   Next: 64%
Magic:  4/6        EV: 12    Int: 14    God:
Gold:   78         SH:  0    Dex: 14    Spells: 5/6 levels left

rFire   . . .      SeeInvis .   h - +3 dagger
rCold   . . .      Faith    .   (no shield)
rNeg    . . .      Spirit   .   k - +0 leather armour
rPois   +          Reflect  .   l - +0 helmet
rElec   .          Harm     .   (no cloak)
rCorr   .          Rampage  .   (no gloves)
Will    .....                   (no boots)
Stlth   ++........              (no amulet)
HPRegen 0.08/turn               e - ring of poison resistance
MPRegen 0.10/turn               (no ring)

@: no status effects
A: (nimble swimmer 2), mertail
a: no special abilities


You were on level 2 of the Dungeon.
You visited 1 branch of the dungeon, and saw 2 of its levels.

You collected 78 gold pieces.

Inventory:

Hand Weapons
 h - a +3 dagger (weapon)
Armour
 a - a +0 robe
 k - a +0 leather armour (worn)
 l - a +0 helmet (worn)
Jewellery
 e - a ring of poison resistance (left hand)
Scrolls
 c - a scroll of identify {unknown}
 i - 2 scrolls of enchant armour {unknown}
 m - a scroll of butterflies {unknown}
Potions
 b - a potion of magic
 d - a potion of mutation {unknown}
 f - a potion of flight {unknown}
 g - a potion of degeneration {unknown}
 j - 2 potions of invisibility {unknown}


   Skills:
 + Level 1.5 Fighting
 + Level 1.7 Short Blades
 - Level 2.6 Dodging
 - Level 2.1 Stealth
 + Level 2.4 Spellcasting
 - Level 1.3 Transmutations
 + Level 3.8 Poison Magic


You had 5 spell levels left.
You knew the following spells:

 Your Spells              Type           Power      Damage    Failure   Level
a - Sting                 Tmut/Pois      32%        1d4       11%         1

Your spell library contained the following spells:

 Spells                   Type           Power      Damage    Failure   Level
 Poisonous Vapours        Pois/Air       14%        N/A       22%         2
 Blink                    Tloc           2%         N/A       43%         2
 Mephitic Cloud           Conj/Pois/Air  5%         N/A       50%         3
 Olgreb's Toxic Radiance  Pois           12%        N/A       54%         4
 Manifold Assault         Tloc           1%         N/A       100%        5
 Storm Form               Tmut/Air       1%         N/A       100%        7


Dungeon Overview and Level Annotations

Branches:
Dungeon (2/15)

Altars:


Innate Abilities, Weirdness & Mutations

((You are very nimble when in or above water. (Stealth+, EV+, Speed+++)))
Your lower body shifts to a powerful aquatic tail in water.


Message History

The kobold is poisoned.
You kill the kobold!
i - 2 scrolls labelled USAUMOFUTU (gained 1)
Things that are here:
a +0 dagger; a +0 robe An orc priest comes into view.
It is wielding a +0 dagger.
The orc priest shouts!
You hear a shout!
An orc comes into view. It is wielding a +0 short sword.
An orc comes into view. It is wielding a +0 short sword.
Aiming: Sting (safe; 11% risk of failure)
Press: ? - help, Q - select action Shift-Dir - straight line, f - orc priest
Aim: an orc priest, wielding a +0 dagger (68% to hit)
The sting hits the orc priest.
The orc priest is poisoned.
The orc priest is lightly wounded.
The orc shouts!
You hear a shout!
The orc priest mumbles some strange prayers to Beogh against you.
Pain shoots through your body!
An orc priest comes into view. It is wielding a +0 hand axe.
Aiming: Sting (safe; 11% risk of failure)
Press: ? - help, Q - select action Shift-Dir - straight line, f/p - orc priest
Aim: an orc priest, wielding a +0 dagger (lightly wounded, poisoned, 68% to hit)
The sting misses the orc priest.
The sting hits the orc.
The orc is poisoned.
The orc is heavily wounded.
The orc priest shouts!
You kill the orc!
The orc priest invokes the aid of Beogh against you.
Pain shoots through your body!
An orc comes into view. It is wielding a +0 flail.
The orc priest looks more healthy.
The orc priest calls down the wrath of Beogh upon you.
Beogh smites you!
* * * LOW HITPOINT WARNING * * *
You hit the orc priest.
The orc priest is heavily wounded.
You hit the orc.
The orc is heavily wounded.
The orc priest calls down the wrath of Beogh upon you.
Beogh smites you!
You die...

#.....######
#..........#
#.....####.#
#######..)>.#
#.#
....).....###
#.#
##.######.#
#.# #.# #.#
#.# #.# #.##
#.# #.# #..#
#@# #.# ##.#
#o# #.# #.#
#o# #.# #.#
#o# #.# #.#
#.# #.# #.#
#o# #.# #.#
#)# ##.# #.#
#.#
...#######.#
#.#


You could see 2 orc priests and 2 orcs.

Vanquished Creatures
  2 worms (D:2)
  A dart slug (D:1)
  An orc (D:2)
  6 ball pythons
  3 bats
  2 endoplasms (D:1)
  A giant cockroach (D:1)
  5 goblins
  3 hobgoblins
  3 frilled lizards
  4 kobolds
  5 rats
36 creatures vanquished.

Vanquished Creatures (others)
  A plant (D:1)
  5 toadstools (D:1)
6 creatures vanquished.

Grand Total: 42 creatures vanquished

Notes
Turn   | Place    | Note
-------+----------+-------------------------------------------
     0 | D:1      | ChiefBigBeans the Merfolk Venom Mage began the quest for
                  | the Orb.
     0 | D:1      | Reached XP level 1. HP: 13/13 MP: 3/3
   459 | D:1      | Found a faded altar of an unknown god.
   571 | D:1      | Reached XP level 2. HP: 8/20 MP: 1/5
   837 | D:1      | Reached skill level 1 in Short Blades
  1120 | D:1      | Reached skill level 1 in Fighting
  1543 | D:2      | Reached XP level 3. HP: 5/26 MP: 3/6
  2593 | D:2      | Killed from afar by an orc priest

Illustrated notes

Levels and vault maps discovered:
D:1:      ldierk_walled_garden, layout_loops_ring,
          shapermc_ecumenical_altar_venn, minivault_26,
          ebering_dispersal_statue_hall, minmay_misc_feat_room
D:2:      layout_loops_ring

Skill      XL: |  1  2 |
---------------+-------+-----
Short Blades   | 1 |  1.7
Fighting       | 1 |  1.5
Dodging        | |  2.6
Stealth        | |  2.1
Spellcasting   | |  2.4
Transmutations | |  1.3
Poison Magic   | |  3.8

Action                   || total
-------------------------++-------
Melee: Dagger            ||    61
       Unarmed           ||     5
       Punch             ||     2
 Cast: Sting             ||    32
Armor: Robe              ||     3
       Leather armour    ||     6
Dodge: Dodged            ||    39
